 Dungeon Crawl Stone Soup version 0.28.0-53-g5a82cb258f (webtiles) character file.

Game seed: 4406577019562580911

40 LynnLen the Sneak (level 3, 0/19 HPs)
             Began as a Vampire Enchanter on July 29, 2022.
             Slain by a kobold
             ... wielding a +0 dagger
              (3 damage)
             ... on level 1 of the Dungeon.
             The game lasted 00:04:02 (1896 turns).

LynnLen the Sneak (Vampire Enchanter)               Turns: 1896, Time: 00:04:03

Health: 0/19       AC:  2    Str:  7    XL:     3   Next: 30%
Magic:  6/6        EV: 12    Int: 17    God:
Gold:   31         SH:  0    Dex: 16    Spells: 6/6 levels left

rFire   . . .      SeeInvis +   a - +1 dagger
rCold   + + .      Faith    .   (no shield)
rNeg    + + +      Spirit   .   b - +0 robe
rPois   ∞          Reflect  .   (no helmet)
rElec   .          Harm     .   (no cloak)
rCorr   .          Rampage  .   (no gloves)
Will    .....                   (no boots)
Stlth   +++++.....              (no amulet)
HPRegen 0.00/turn               (no ring)
MPRegen 0.10/turn               (no ring)

@: bloodless, inhibited regen, invisible
A: bloodless, fangs 3, see invisible, vampiric 2
a: Bat Form, Revivify


You were on level 1 of the Dungeon.
You visited 1 branch of the dungeon, and saw 2 of its levels.

You collected 31 gold pieces.

Inventory:

Hand Weapons
 a - a +1 dagger (weapon)
Armour
 b - a +0 robe (worn)
Potions
 d - a potion of might


   Skills:
 * Level 2.0 Short Blades
 * Level 2.5 Dodging
 * Level 5.5 Stealth
 + Level 2.0 Spellcasting
 + Level 4.7 Hexes


You had 6 spell levels left.
You didn't know any spells.
Your spell library contained the following spells:

 Spells                   Type           Power      Damage    Failure   Level
 Confusing Touch          Hex            17%        N/A       9%          3
 Tukima's Dance           Hex            17%        N/A       9%          3
 Ensorcelled Hibernation  Hex/Ice        18%        N/A       11%         2
 Dazzling Flash           Conj/Hex       18%        N/A       22%         3
 Summon Guardian Golem    Hex/Summ       9%         N/A       22%         3
 Anguish                  Hex/Necr       4%         N/A       58%         4
 Enfeeble                 Hex            8%         N/A       100%        7
 Orb of Destruction       Conj           0%         9d5       100%        7
 Spellforged Servitor     Conj/Summ      0%         N/A       100%        7


Dungeon Overview and Level Annotations

Branches:
Dungeon (2/15)

Altars:


Innate Abilities, Weirdness & Mutations

You do not regenerate when monsters are visible.
You are frail without blood (-20% HP).
You can heal yourself when you bite living creatures.
You are immune to poison.
You have razor-sharp teeth.
You have supernaturally acute eyesight. (SInv)
You are afflicted with vampirism and can become a bat while bloodless.


Message History

The jackal bites you.
You closely miss the jackal.
The jackal is heavily wounded.
The jackal bites you.
You barely miss the jackal.
The jackal is heavily wounded.
The jackal bites you.
You closely miss the jackal.
The jackal is heavily wounded.
The jackal completely misses you. The jackal misses you.
You hit the jackal but do no damage.
The jackal is heavily wounded.
The jackal bites you.
* * * LOW HITPOINT WARNING * * *
You barely miss the jackal. Your bite misses the jackal.
The jackal is heavily wounded.
The jackal barely misses you.
You barely miss the jackal. Your punch misses the jackal.
The jackal is heavily wounded.
The jackal bites you.
* * * LOW HITPOINT WARNING * * *
You hit the jackal but do no damage. Your bite misses the jackal.
The jackal is moderately wounded.
The jackal closely misses you. The jackal barely misses you.
Okay, then.
Unknown command.
You hit the jackal.
The jackal is severely wounded.
The jackal closely misses you.
You hit the jackal.
You kill the jackal!
The jackal barks!
You aren't carrying any scrolls.
You fade into invisibility!
You hit the jackal but do no damage.
A kobold comes into view. It is wielding a +0 dagger.
You barely miss the kobold.
The kobold shouts!
The kobold hits you with a +0 dagger.
You die...

#.# ##.# ...
#############.# ####
#..........##.######...
#.....@###.##.........#
#....K.###.............
#......+..............#
#......###.##.####.#..#
#......###.##.####.....
#......#........##.....
.................##.....
.#.###.##........##.....
#........##.....


You could see a kobold.

Vanquished Creatures
  An adder (D:2)
  3 bats
  An endoplasm (D:1)
  2 giant cockroaches
  4 goblins
  4 hobgoblins (D:2)
  A jackal (D:1)
  2 quokkas
  2 ball pythons
  4 kobolds
  4 rats (D:2)
28 creatures vanquished.

Vanquished Creatures (others)
  5 fungi (D:2)
  2 plants (D:2)
7 creatures vanquished.

Grand Total: 35 creatures vanquished

Notes
Turn   | Place    | Note
-------+----------+-------------------------------------------
     0 | D:1      | LynnLen the Vampire Enchanter began the quest for the Orb.
     0 | D:1      | Reached XP level 1. HP: 13/13 MP: 3/3
   453 | D:2      | Reached XP level 2. HP: 11/15 MP: 5/5
   575 | D:2      | Reached skill level 5 in Stealth
   595 | D:2      | Identified the +8 chain mail of Insatiable Hunger {Regen+}
  1355 | D:2      | Found a faded altar of an unknown god.
  1477 | D:2      | Gained mutation: You are afflicted with vampirism and can
                  | become a bat while bloodless. [Vampire growth]
  1477 | D:2      | Reached XP level 3. HP: 15/19 MP: 6/6
  1896 | D:1      | Slain by a kobold

Illustrated notes

Levels and vault maps discovered:
D:1:      dpeg_arrival_pits, layout_basic
D:2:      minmay_angry_zag, layout_loops_ring, shapermc_ecumenical_altar_ellora

Skill      XL: |  1  2  3 |
---------------+----------+-----
Stealth        | 5 |  5.5
Short Blades   | 2 |  2.0
Dodging        | |  2.5
Spellcasting   | |  2.0
Hexes          | |  4.7

Action                   || total
-------------------------++-------
Melee: Dagger            ||   105
       Punch             ||     2
       Bite              ||     6
 Abil: Exsanguinate      ||     1
  Use: Scroll            ||     1
       Potion            ||     1
 Stab: Sleeping          ||     8
Armor: Robe              ||    17
Dodge: Dodged            ||    52
